 Dungeon Crawl Stone Soup version 0.17-a0-1910-g4c791fa (webtiles) character file.

249 Holeefuk the Shield-Bearer (level 6, -3/47 HPs)
             Began as a Formicid Fighter on Sept 25, 2015.
             Killed from afar by Dowan (5 damage)
             ... with a puff of flame
             ... on level 3 of the Dungeon.
             The game lasted 00:10:22 (3313 turns).

Holeefuk the Shield-Bearer (Formicid Fighter)       Turns: 3313, Time: 00:10:22

Health: -3/47      AC:  6    Str: 20    XL:     6   Next: 35%
Magic:  15/15      EV:  7    Int:  8    God:
Gold:   308        SH: 14    Dex: 12    Spells: 0 memorised, 5 levels left

rFire  . . .     SeeInvis +     a - +0 long sword
rCold  . . .     Clarity  .     b - +0 scale mail
rNeg   . . .     SustAt   .     l - +0 large shield
rPois  .         Gourm    .     (helmet unavailable)
rElec  .         Spirit   .     (no cloak)
rCorr  .         Warding  .     (no gloves)
rMut   .         Stasis   +     (no boots)
MR     .....                    (no amulet)
Stlth  ..........               (no ring)
                                s - ring of magical power

@: glowing, not resistant to hostile enchantments, extremely unstealthy
A: permanent stasis, dig shafts and tunnels, four strong arms, antennae 3
a: Dig, Shaft Self


You were on level 3 of the Dungeon.
You were not hungry.

You visited 1 branch of the dungeon, and saw 4 of its levels.

You collected 308 gold pieces.

Inventory:

Hand weapons
 a - a +0 long sword (weapon)
Armour
 b - a +0 scale mail (worn)
 l - a +0 large shield (worn)
Jewellery
 s - a ring of magical power (left hand)
Scrolls
 f - 8 scrolls of identify {unknown}
 g - 2 scrolls of noise {unknown}
 m - a scroll of fog {unknown}
 n - 2 scrolls of remove curse {unknown}
 q - 4 scrolls of teleportation {unknown}
 r - a scroll of recharging {unknown}
 t - a scroll of blinking {unknown}
 u - a scroll of immolation {unknown}
 x - a scroll of random uselessness {unknown}
Potions
 d - 2 potions of might
 h - 3 potions of curing {unknown}
 j - a potion of haste {unknown}
 k - a potion of ambrosia {unknown}
 o - a potion of mutation {unknown}
 p - 2 potions of heal wounds {unknown}
 v - a potion of brilliance {unknown}
 w - a potion of degeneration {unknown}
Comestibles
 c - 2 meat rations
 e - 2 bread rations
 i - 2 slices of pizza
 z - a chunk of flesh


   Skills:
 * Level 3.3 Fighting
 - Level 4.1 Long Blades
 - Level 3.2 Armour
 - Level 3.0 Dodging
 - Level 5.0 Shields


You had 5 spell levels left.
You didn't know any spells.

Dungeon Overview and Level Annotations

Branches:
Dungeon (4/15)
 Temple: D:4-7

Altars:
Ashenzari
Elyvilon
Gozag
Okawaru
Qazlal
Vehumet
Xom
The Shining One

Shops:
D:4 (

Annotations:
D:3 Dowan; Duvessa; ProzacElf's ghost, average DrVM


Innate Abilities, Weirdness & Mutations

You are under a permanent stasis effect.
You can dig through walls and to a lower floor.
Your four strong arms can wield two-handed weapons with a shield.
You have a pair of large antennae on your head (SInv).


Message History

* * * LOW HITPOINT WARNING * * *
Dowan hits you with a dagger.
* * * LOW HITPOINT WARNING * * *
You block Duvessa's attack. Duvessa hits you but does no damage.
You block Duvessa's attack.
There is a stone staircase leading up here.
Duvessa hits you with a short sword.
* * * LOW HITPOINT WARNING * * *
Dowan casts a spell at you. The puff of frost hits you!
* * * LOW HITPOINT WARNING * * *
Duvessa hits you but does no damage.
You climb upwards.
Level annotation: ProzacElf's ghost, average DrVM
There is a stone staircase leading down here.
Duvessa hits you with a short sword.
* * * LOW HITPOINT WARNING * * *
Dowan gestures at you while chanting. The puff of flame hits you!
You die...

###....#........# #.####
.............####.########....#
######.#.#._.# #.##.......##[#
#.......#...####.##...###.##.###
##..##.........##.##...# #.##....
....##......b..##.##...###.##..##
...........b...##.##.......##..#.
...#.#.##########e##...##......#.
................@>e........###.#.
####..###.###########............
# #..............###....#.###.#.
#.####.####.....##............
#.# #.####.....##.#.....#..##
#.####..........##.#..#<.#.... #
#......##.#...........#..#.... #
#####..##.{{##..##.##.#..#..## #
#.......{#........#.....#


You could see Duvessa and Dowan.

Vanquished Creatures
  A centaur skeleton (D:3)
  A giant frog skeleton (D:3)
  Robin (D:4)
  7 adders
  3 gnolls (D:2)
  An ooze (D:1)
  A worm (D:3)
  3 giant geckos
  6 orcs
  4 giant cockroaches
  16 goblins
  5 hobgoblins
  4 jackals (D:2)
  11 bats
  2 giant newts
  5 kobolds
  A quokka (D:3)
  7 rats
  A butterfly (D:3)
80 creatures vanquished.

Vanquished Creatures (others)
  A butterfly (D:3)
1 creature vanquished.

Grand Total: 81 creatures vanquished

Notes
Turn   | Place    | Note
--------------------------------------------------------------
     0 | D:1      | Holeefuk the Formicid Fighter began the quest for the Orb.
     0 | D:1      | Reached XP level 1. HP: 18/18 MP: 1/1
    48 | D:1      | Reached skill level 1 in Dodging
    78 | D:1      | Reached XP level 2. HP: 24/24 MP: 2/2
   442 | D:1      | Reached XP level 3. HP: 24/29 MP: 3/3
   751 | D:2      | Found a radiant altar of Vehumet.
   870 | D:2      | Reached XP level 4. HP: 20/35 MP: 4/4
  1182 | D:2      | Reached skill level 4 in Shields
  1275 | D:2      | Reached XP level 5. HP: 41/41 MP: 5/5
  1631 | D:3      | Reached skill level 5 in Shields
  1645 | D:3      | Found a shattered altar of Ashenzari.
  1688 | D:3      | Found a shimmering altar of Xom.
  1897 | D:3      | Noticed ProzacElf's ghost (average DrVM)
  1993 | D:3      | Reached XP level 6. HP: 44/47 MP: 6/6
  2522 | D:4      | Noticed Robin
  2543 | D:4      | Killed Robin
  2618 | D:4      | Found Qykobir's Antique Weapon Shoppe.
  2628 | D:4      | Found a stormy altar of Qazlal.
  2631 | D:4      | Found a glowing golden altar of the Shining One.
  2632 | D:4      | Found an iron altar of Okawaru.
  2633 | D:4      | Noticed Duvessa
  2914 | D:4      | Found a white marble altar of Elyvilon.
  2931 | D:4      | Found an opulent altar of Gozag.
  2934 | D:4      | Noticed Dowan
  3313 | D:3      | HP: 2/47 [Duvessa/short sword (5)]
  3313 | D:3      | Killed from afar by Dowan

Vault maps used:
D:1:      dpeg_arrival_sounds_slurp
D:2:      vehumet_crystals
D:3:      xom_butterflies, nicolae_overflow_crystal_walls, first_bread
D:4:      kennysheep_mini_moat, grunt_temple_overflow_open, serial_shops,
          nicolae_shop_behind_doors, minmay_misc_feat_four_crosses, uniq_robin,
          uniq_duvessa

Action                   |  1- 3 |  4- 6 || total
-------------------------+-------+-------++-------
Melee: Long sword        |    88 |   203 ||   291
 Abil: Dig               |       |     7 ||     7
  Eat: Chunk             |       |     7 ||     7
       Beef jerky        |       |     1 ||     1
